 Dungeon Crawl Stone Soup version 0.29.1 (webtiles) character file.

Game seed: 18285108986146005109

606 Icepheonix32 the Changer (level 7, -5/48 HPs)
             Began as a Merfolk Transmuter on Sept 14, 2022.
             Splashed by a jelly's acid (8 damage)
             ... on level 5 of the Dungeon.
             The game lasted 00:07:05 (6064 turns).

Icepheonix32 the Changer (Merfolk Transmuter)       Turns: 6064, Time: 00:07:06

Health: -5/48      AC: -2    Str: 10    XL:     7   Next: 42%
Magic:  12/14      EV: 21    Int: 14    God:
Gold:   198        SH:  0    Dex: 20    Spells: 3/13 levels left

rFire   . . .      SeeInvis .     - Unarmed
rCold   . . .      Faith    .   (shield currently unavailable)
rNeg    . . .      Spirit   .   (body armour currently unavailable)
rPois   x          Reflect  .   (helmet currently unavailable)
rElec   .          Harm     .   (cloak currently unavailable)
rCorr   .          Rampage  .   (gloves currently unavailable)
Will    +....                   (boots currently unavailable)
Stlth   ++........              (no amulet)
HPRegen 0.16/turn               (no ring)
MPRegen 0.14/turn               (no ring)

@: spider-form, corroded
A: venomous fangs, tiny, (nimble swimmer 2), (mertail), high MP 1, strong-willed
1
a: End Transformation


You were on level 5 of the Dungeon.
You were a venomous arachnid creature.
You visited 1 branch of the dungeon, and saw 5 of its levels.

You collected 198 gold pieces.

Inventory:

Hand Weapons
 f - a +1 dagger of draining
Armour
 a - a +0 robe (melded)
 k - a +2 pair of gloves (melded)
 s - a +0 pair of boots (melded)
Jewellery
 n - an amulet of the acrobat
Wands
 j - a wand of charming (10)
 r - a wand of flame (26)
Scrolls
 g - 3 scrolls of identify
 h - 2 scrolls of butterflies
 l - 3 scrolls of fear
 p - a scroll of magic mapping {unknown}
 q - 3 scrolls of amnesia
Potions
 b - a potion of lignification
 c - 2 potions of mutation
 d - 3 potions of curing
 e - a potion of haste
 i - a potion of might
 m - 2 potions of heal wounds
 o - a potion of invisibility


   Skills:
 - Level 1.1 Fighting
 - Level 3.2 Dodging
 - Level 0.1 Stealth
 - Level 3.8 Unarmed Combat
 + Level 3.8 Spellcasting
 * Level 7.5 Transmutations
 * Level 1.8 Ice Magic
 * Level 2.8 Poison Magic


You had 3 spell levels left.
You knew the following spells:

 Your Spells              Type           Power      Damage    Failure   Level
a - Beastly Appendage     Tmut           46%        N/A       4%          1
b - Spider Form           Tmut/Pois      17%        N/A       19%         3
c - Wereblood             Tmut           23%        N/A       6%          2
d - Ice Form              Ice/Tmut       15%        N/A       50%         4

Your spell library contained the following spells:

 Spells                   Type           Power      Damage    Failure   Level
 Magic Dart               Conj           8%         1d3       41%         1
 Ozocubu's Armour         Ice            7%         N/A       47%         3
 Call Imp                 Summ           2%         N/A       52%         2
 Mephitic Cloud           Conj/Pois/Air  5%         N/A       61%         3
 Gell's Gravitas          Tloc           2%         N/A       73%         3
 Teleport Other           Tloc           2%         N/A       73%         3
 Metabolic Englaciation   Hex/Ice        2%         N/A       99%         5
 Dispersal                Tloc           1%         N/A       100%        6
 Simulacrum               Ice/Necr       2%         N/A       100%        6


Dungeon Overview and Level Annotations

Branches:
Dungeon (5/15)
 Temple: D:4-7

Altars:


Innate Abilities, Weirdness & Mutations

You are a venomous arachnid creature.
You have poisonous fangs.
You are tiny and dextrous.
Your spellcasting is less reliable in this form.
Your armour is entirely melded.
You are incapable of wielding weapons or throwing items.
((You are very nimble when in or above water. (Stealth+, EV+, Speed+++)))
((Your lower body shifts to a powerful aquatic tail in water.))
You have an increased reservoir of magic. (+10% MP)
You are strong-willed. (Will+)


Message History

No target in view!
No target in view!
Your transformation is almost over.
HP restored.
Your transformation has ended.
Your +2 pair of gloves unmelds from your body.
Your +0 pair of boots unmelds from your body.
Your +0 robe unmelds from your body.
You open the door.
A jelly comes into view.
Found 14 gold pieces.
A jelly is nearby!
You turn into a venomous arachnid creature.
Your +2 pair of gloves melds into your body.
Your +0 pair of boots melds into your body.
Your +0 robe melds into your body.
There is an open door here.
The jelly quivers.
The jelly hits you.
You are splashed with acid!
You hit the jelly.
The jelly is poisoned.
Your front legs burn!
The jelly is lightly wounded.
The jelly misses you.
You hit the jelly.
Your front legs burn!
The jelly is lightly wounded.
The jelly hits you.
You are splashed with acid!
You are too injured to fight recklessly!
You are too injured to fight recklessly!
You are too injured to fight recklessly!
You hit the jelly.
The jelly looks as sick as possible!
Your front legs burn!
The jelly is moderately wounded.
The jelly hits you.
You are splashed with acid.
* * * LOW HITPOINT WARNING * * *
You hit the jelly but do no damage. The acid corrodes you!
Your front legs burn!
* * * LOW HITPOINT WARNING * * *
The jelly is moderately wounded.
The jelly hits you.
* * * LOW HITPOINT WARNING * * *
You are splashed with acid!
You die...

#. #. #. ### .. ..#
#+## # #. #.#
##...## #.##. #.#
##.....##
#....##.###.......##
#.#.†<#.##.........#
#........'..sJ.....+
#.#...#(##.........#
#.>.....###$......##
#.####### ##.....##
#. ##...## # #+##


You could see a jelly (extremely poisoned).

Vanquished Creatures
  An ice beast (D:4)
  An ogre (D:4)
  2 hounds (D:4)
  Natasha (thrice) (D:3)
  2 iguanas
  2 orc wizards (D:4)
  7 adders
  An ufetubus (D:5)
  A worm (D:2)
  2 dart slugs
  17 orcs
  10 endoplasms
  3 giant cockroaches
  4 hobgoblins
  10 jackals (D:3)
  4 quokkas
  5 ball pythons
  4 bats
  9 frilled lizards
  6 goblins
  12 kobolds
  7 rats
113 creatures vanquished.

Notes
Turn   | Place    | Note
-------+----------+-------------------------------------------
     0 | D:1      | Icepheonix32 the Merfolk Transmuter began the quest for the
                  | Orb.
     0 | D:1      | Reached XP level 1. HP: 15/15 MP: 3/3
   228 | D:1      | Reached skill level 3 in Transmutations
   231 | D:1      | Reached XP level 2. HP: 19/20 MP: 3/5
   670 | D:1      | Found a faded altar of an unknown god.
   721 | D:1      | Reached XP level 3. HP: 14/26 MP: 4/6
  1620 | D:2      | Reached skill level 4 in Transmutations
  1678 | D:2      | Learned a level 3 spell: Spider Form
  1681 | D:2      | Learned a level 2 spell: Wereblood
  1935 | D:2      | Reached XP level 4. HP: 29/32 MP: 5/7
  2683 | D:3      | Noticed Natasha
  2690 | D:3      | Killed Natasha
  2691 | D:3      | Reached skill level 1 in Poison Magic
  2817 | D:3      | Noticed Natasha
  2824 | D:3      | Killed Natasha
  2825 | D:3      | Reached skill level 5 in Transmutations
  2825 | D:3      | Reached XP level 5. HP: 23/37 MP: 5/9
  2929 | D:3      | Noticed Natasha
  2936 | D:3      | Killed Natasha
  3123 | D:3      | Learned a level 4 spell: Ice Form
  3653 | D:3      | Reached XP level 6. HP: 43/43 MP: 5/10
  3932 | D:3      | Gained mutation: You have an increased reservoir of magic.
                  | (+10% MP) [potion of mutation]
  3932 | D:3      | Gained mutation: You are strong-willed. (Will+) [potion of
                  | mutation]
  4069 | D:4      | Reached skill level 6 in Transmutations
  4375 | D:4      | Reached skill level 1 in Ice Magic
  4692 | D:4      | Noticed an ice beast
  4953 | D:4      | Reached XP level 7. HP: 39/48 MP: 9/13
  5041 | D:4      | Reached skill level 7 in Transmutations
  6028 | D:5      | Entered Level 5 of the Dungeon
  6064 | D:5      | Splashed by a jelly's acid

Illustrated notes

Levels and vault maps discovered:
D:1:      roderic_crossed_star, layout_basic, ebering_ecumenical_altar_petrified
D:2:      layout_basic, serial_forest, infiniplex_forest_end_1,
          infiniplex_forest_straight_2, infiniplex_forest_straight_4,
          infiniplex_forest_lined_ring, infiniplex_forest_corner_1
D:3:      layout_basic, uniq_natasha
D:4:      layout_basic
D:5:      layout_loops_corners, nicolae_overflow_hallway_of_the_gods,
          minmay_overflow_temple_star_quad, uniq_edmund

Skill      XL: |  1  2  3  4  5  6  7 |
---------------+----------------------+-----
Transmutations | 3 4 5 6 7 |  7.5
Dodging        | 3 |  3.2
Poison Magic   | 1 2 |  2.8
Spellcasting   | 3 |  3.8
Ice Magic      | 1 |  1.8
Fighting       | |  1.1
Stealth        | |  0.1
Unarmed Combat | |  3.8

Action                   |  1- 3 |  4- 6 |  7- 9 || total
-------------------------+-------+-------+-------++-------
Melee: Unarmed           |   126 |   187 |    47 ||   360
       Headbutt          |    14 |    12 |       ||    26
       Punch             |     7 |     2 |       ||     9
 Cast: Beastly Appendage |    29 |    19 |       ||    48
       Spider Form       |       |     9 |     7 ||    16
       Wereblood         |       |     3 |     1 ||     4
  Use: Scroll            |       |     8 |       ||     8
       Potion            |       |     4 |       ||     4
 Stab: Sleeping          |       |     1 |     1 ||     2
Armor: Robe              |    16 |    35 |       ||    51
       Skin              |       |     6 |     3 ||     9
Dodge: Dodged            |    80 |   156 |    59 ||   295
